 Dungeon Crawl Stone Soup version 0.28-a0-241-gfbb0926a3a (webtiles) character file.

Game seed: 17872228703669616812

5429 Colgate the Cleaver (level 10, -4/91 HPs)
             Began as a Deep Dwarf Fighter on Aug 24, 2021.
             Was a Believer of Okawaru.
             Slain by a raiju (6 damage)
             ... on level 1 of the Abyss.
             The game lasted 00:15:06 (5767 turns).

Colgate the Cleaver (Deep Dwarf Fighter)            Turns: 5767, Time: 00:15:07

Health: -4/91      AC: 13    Str: 23    XL:     10   Next: 40%
Magic:  0/6        EV: 15    Int:  9    God:    Okawaru [**....]
Gold:   437        SH: 12    Dex: 12    Spells: 9/9 levels left

rFire   . . .      SeeInvis .   Y - +0 war axe (vorpal)
rCold   . . .      Faith    .   c - +0 kite shield
rNeg    . . .      Spirit   .   f - +0 chain mail
rPois   +          Reflect  .   (no helmet)
rElec   .          Harm     .   g - +0 cloak
rCorr   .          Rampage  .   (no gloves)
Will    +....                   (no boots)
Stlth   ..........              (no amulet)
HPRegen 0.00/turn               a - ring of poison resistance
MPRegen 0.10/turn               k - +4 ring of evasion

@: heroic
A: damage resistance, heal wounds, sense surroundings 2, no regeneration
a: Heal Wounds, Renounce Religion, Heroism


You were on level 1 of the Abyss.
You worshipped Okawaru.
Okawaru was pleased with you.
You visited 2 branches of the dungeon, and saw 9 of its levels.
You visited the Abyss 1 time.

You collected 437 gold pieces.


Innate Abilities, Weirdness & Mutations

You are resistant to damage.
You can heal yourself by infusing magical energy.
You passively map the area around you.
You do not regenerate.


   Skills:
 - Level 6.0(11.0) Fighting
 + Level 12.2(17.2) Axes
 - Level 5.4(10.4) Armour
 - Level 3.2(8.2) Dodging
 - Level 8.0(13.0) Shields
 - Level 4.2 Invocations


You had 9 spell levels left.
You didn't know any spells.
Your spell library was empty.

Inventory:

Hand Weapons
 h - a +0 flail
 Y - a +0 vorpal war axe (weapon)
Armour
 c - a +0 kite shield (worn)
 f - a +0 chain mail (worn)
 g - a +0 cloak (worn)
Jewellery
 a - a ring of poison resistance (left hand)
 k - a +4 ring of evasion (right hand)
 m - a ring of willpower
Wands
 l - a wand of digging (6)
Scrolls
 i - a scroll of silence {unknown}
 j - 3 scrolls of identify
Potions
 b - a potion of resistance
 d - 4 potions of might
 e - 5 potions of curing
 o - a potion of haste

Dungeon Overview and Level Annotations

Branches:
Dungeon (8/15)             Temple (1/1) D:5
   Lair: D:8-11

Altars:
Ashenzari
Cheibriados
Dithmenos
Elyvilon
Fedhas
Gozag
Hepliaklqana
Kikubaaqudgha
Makhleb
Nemelex Xobeh
Okawaru
Qazlal
Ru
Sif Muna
Trog
Uskayaw
Vehumet
Wu Jian
Xom
Yredelemnul
Zin
The Shining One

Shops:
D:2 (([

Annotations:
D:3 4 runed translucent doors, Crazy Yiuf; quell's ghost, weakling HOFi
D:8 Psyche


Message History

5765 ||| INVOKING Heal Wounds.
You feel much better. The Executioner hits you.
You block the Executioner's attack.
The Executioner hits you but does no damage.
You block the Executioner's attack. The Executioner barely misses you.
The Executioner hits you but does no damage.
The raiju bites you but does no damage. You block the ufetubus's attack.
The ufetubus hits you but does no damage.
The small abomination barely misses you.
You block the Executioner's attack. The Executioner misses you.
The Executioner hits you. You block the raiju's attack.
You hit the raiju but do no damage.
The raiju is almost dead.
You hit the ufetubus. You slash the small abomination!
You destroy the small abomination!
Okawaru accepts your kill.
You barely miss the large abomination.
You hit the Executioner but do no damage.
You barely miss the raiju. The Executioner hits you!
The Executioner hits you but does no damage.
You block the Executioner's attack. The ufetubus closely misses you.
The ufetubus barely misses you. You block the Executioner's attack.
The Executioner hits you but does no damage. x2
The raiju bites you but does no damage. The large abomination hits you!!
The raiju bites you but does no damage.
5767 ||| INVOKING Heal Wounds.
You feel much better. The Executioner hits you. The Executioner misses you.
The Executioner hits you.
The Executioner hits you but does no damage. x2
The Executioner misses you.
The ufetubus hits you but does no damage.
You block the ufetubus's attack. x2
The ufetubus hits you but does no damage.
The ufetubus barely misses you. The ufetubus closely misses you.
You block the ufetubus's attack. The ufetubus closely misses you.
The Executioner hits you. You block the Executioner's attack. x2
The raiju bites you. The raiju shocks you! The ufetubus misses you.
The ufetubus closely misses you. x3; The ufetubus barely misses you.
The ufetubus hits you but does no damage.
The large abomination hits you!! The raiju bites you. The raiju shocks you!
You die...

. ...# .##.... .
.....\..#........
# ...#.........
###..#.........
...........
###...........
#....5.......#
#...51X......#
##..h@35......
#...5h5.......
.!....##.........
.................
..................
.... ....!......
.## .....##......#
.#.#.. ..#....


You could see an Executioner (fast), a large abomination, 2 raiju, a ynoxinul
and 5 ufetubi.

Vanquished Creatures
  A boulder beetle (D:7)
  Pikel (D:7)
  A raiju (Abyss:1)
  5 flying skulls (Abyss:1)
  A chaos spawn (Abyss:1)
  3 humans (D:6)
  Menkaure (D:7)
  An acid dragon (D:7)
  2 water moccasins
  2 small abominations (Abyss:1)
  A sky beast (D:7)
  2 ogres
  3 black bears
  A necrophage (D:6)
  A phantom (D:7)
  3 centaurs
  2 lemures (D:7)
  A kobold brigand (D:6)
  2 bullfrogs
  2 scorpions
  4 wights (D:8)
  2 howler monkeys (D:3)
  A bullfrog zombie (D:6)
  5 hounds
  A gnoll shaman (D:8)
  A bullfrog skeleton (D:6)
  3 iguanas
  An orc wizard (D:6)
  A hound skeleton (D:4)
  A howler monkey zombie (D:5)
  3 adders
  11 gnolls
  An ufetubus (D:6)
  An adder skeleton (D:4)
  2 worms
  A dart slug (D:3)
  25 orcs
  3 bats
  5 endoplasms
  2 giant cockroaches
  11 goblins
  6 hobgoblins
  9 jackals
  6 quokkas
  8 ball pythons
  6 frilled lizards
  9 kobolds
  8 rats
173 creatures vanquished.

Vanquished Creatures (others)
  A white imp (Abyss:1)
1 creature vanquished.

Grand Total: 174 creatures vanquished

Notes
Turn   | Place    | Note
-------+----------+-------------------------------------------
     0 | D:1      | Colgate the Deep Dwarf Fighter began the quest for the Orb.
     0 | D:1      | Reached XP level 1. HP: 20/20 MP: 1/1
     0 | D:1      | 0 ||| counter = 58
    35 | D:1      | Found a faded altar of an unknown god.
    52 | D:1      | 52 ||| DROPPING +0 club.
   180 | D:1      | Reached skill level 3 in Axes
   180 | D:1      | Reached XP level 2. HP: 9/27 MP: 2/2
   198 | D:1      | HP: 5/27 [quokka (3)]
   199 | D:1      | 199 ||| INVOKING Heal Wounds.
   404 | D:1      | Reached skill level 1 in Dodging
   697 | D:1      | 697 ||| READING scroll labelled SERA YC MOIVIPS.
   698 | D:1      | 698 ||| DROPPING +0 whip.
   699 | D:1      | 699 ||| DRINKING 2 inky potions.
   786 | D:2      | Reached XP level 3. HP: 28/33 MP: 3/3
   825 | D:2      | Reached skill level 4 in Axes
   878 | D:2      | Found Kuexicsee's Weapon Boutique.
  1050 | D:2      | Found Gotihuomuw's Armour Shoppe.
  1056 | D:2      | 1056 ||| SHOPLISTING +2 plate armour of fire resistance
                  | (480 gold, have 104).
  1056 | D:2      | 1056 ||| SHOPLISTING +2 ring mail of fire resistance (252
                  | gold, have 104).
  1056 | D:2      | 1056 ||| SHOPLISTING +2 scale mail of cold resistance (252
                  | gold, have 104).
  1056 | D:2      | 1056 ||| SHOPLISTING scarf of repulsion (144 gold, have
                  | 104).
  1249 | D:2      | Found Haeb's Weapon Boutique.
  1262 | D:2      | 1262 ||| READING scroll labelled XILITW KOMM.
  1263 | D:2      | 1263 ||| READING scroll labelled PAGRIG SIESU.
  1264 | D:2      | 1264 ||| READING scroll labelled DUINOUH LINAA.
  1265 | D:2      | 1265 ||| READING 3 scrolls labelled DYLYAK QUMAL.
  1266 | D:2      | 1266 ||| DRINKING 2 black potions.
  1267 | D:2      | 1267 ||| READING 2 scrolls of identify.
  1267 | D:2      | 1267 ||| IDENTIFYING lumpy pink potion
  1268 | D:2      | 1268 ||| DROPPING potion of invisibility.
  1342 | D:3      | Found a runed translucent gate.
  1342 | D:3      | Found a runed translucent gate.
  1342 | D:3      | Found a runed translucent gate.
  1343 | D:3      | Noticed quell's ghost (weakling HOFi)
  1354 | D:3      | Noticed a black bear
  1368 | D:3      | Killed a black bear
  1369 | D:3      | Reached skill level 5 in Axes
  1369 | D:3      | Reached XP level 4. HP: 25/40 MP: 4/4
  1369 | D:3      | Reached XP level 5. HP: 28/46 MP: 5/5
  1450 | D:3      | Reached skill level 6 in Axes
  1450 | D:3      | 1450 ||| DRINKING potion of heal wounds.
  1454 | D:3      | 1454 ||| INVOKING Heal Wounds.
  1455 | D:3      | 1455 ||| INVOKING Heal Wounds.
  1741 | D:3      | Found a runed translucent door.
  1742 | D:3      | Noticed Crazy Yiuf
  1829 | D:3      | 1829 ||| INVOKING Heal Wounds.
  1839 | D:3      | Reached skill level 7 in Axes
  1839 | D:3      | Reached XP level 6. HP: 47/55 MP: 5/5
  2282 | D:3      | 2282 ||| UPGRADING to +0 chain mail.
  2292 | D:3      | 2292 ||| DROPPING +0 scale mail.
  2293 | D:3      | 2293 ||| READING scroll labelled CEJ MUVAPSYIR.
  2337 | D:4      | 2337 ||| INVOKING Heal Wounds.
  2340 | D:4      | 2340 ||| INVOKING Heal Wounds.
  2340 | D:4      | HP: 12/55 [ogre (27)]
  2341 | D:4      | 2341 ||| INVOKING Heal Wounds.
  2344 | D:4      | 2344 ||| INVOKING Heal Wounds.
  2438 | D:4      | Found a radiant altar of Vehumet.
  2452 | D:4      | 2452 ||| READING scroll of brand weapon.
  2452 | D:4      | 2452 ||| BRANDING +0 war axe of flaming.
  2475 | D:4      | HP: 13/55 [black bear (4)]
  2476 | D:4      | 2476 ||| INVOKING Heal Wounds.
  2478 | D:4      | Reached skill level 8 in Axes
  2478 | D:4      | Reached XP level 7. HP: 39/61 MP: 5/5
  2481 | D:4      | Identified the +2 ring mail of the Thinker {rElec Dex+2}
  2746 | D:4      | 2746 ||| DROPPING scarf of harm.
  2747 | D:4      | 2747 ||| UPGRADING to +0 cloak.
  2752 | D:4      | 2752 ||| DROPPING +2 ring mail of the Thinker {rElec
                  | Dex+2}.
  2753 | D:4      | 2753 ||| READING scroll labelled UNUEDD HICWUMOAM.
  2756 | D:4      | 2756 ||| READING 3 scrolls of identify.
  2756 | D:4      | 2756 ||| IDENTIFYING lumpy amethyst potion
  2757 | D:4      | 2757 ||| READING 2 scrolls of identify.
  2757 | D:4      | 2757 ||| IDENTIFYING bubbling grey potion
  2758 | D:4      | 2758 ||| DROPPING potion of berserk rage.
  2759 | D:4      | 2759 ||| DROPPING potion of brilliance.
  2772 | D:5      | Entered Level 5 of the Dungeon
  2968 | D:5      | Reached skill level 3 in Fighting
  2968 | D:5      | 2968 ||| INVOKING Heal Wounds.
  3184 | D:5      | Found a staircase to the Ecumenical Temple.
  3193 | Temple   | Entered the Ecumenical Temple
  3194 | Temple   | 3194 ||| Entered T.
  3292 | Temple   | Became a worshipper of Warmaster Okawaru
  3371 | Temple   | 3371 ||| UPGRADING to ring of poison resistance.
  3372 | Temple   | 3372 ||| UPGRADING to ring of willpower.
  3373 | Temple   | 3373 ||| READING scroll labelled PEAKLI ECUGA.
  3374 | Temple   | 3374 ||| DROPPING wand of flame (21).
  3557 | D:6      | Reached skill level 9 in Axes
  3557 | D:6      | Reached skill level 1 in Invocations
  3648 | D:6      | 3648 ||| INVOKING Heal Wounds.
  3650 | D:6      | Reached skill level 3 in Invocations
  3650 | D:6      | Reached XP level 8. HP: 61/69 MP: 5/7
  3695 | D:6      | 3695 ||| DROPPING +0 whip.
  3699 | D:6      | 3699 ||| DROPPING +1 whip of flaming.
  3773 | D:6      | Reached * piety under Okawaru
  3774 | D:6      | 3774 ||| INVOKING Heal Wounds.
  3906 | D:6      | 3906 ||| INVOKING Heroism.
  3907 | D:6      | 3907 ||| INVOKING Heroism.
  3908 | D:6      | 3908 ||| INVOKING Heroism.
  3912 | D:6      | Reached skill level 10 in Axes
  3912 | D:6      | 3912 ||| INVOKING Heal Wounds.
  4077 | D:6      | 4077 ||| INVOKING Heroism.
  4078 | D:6      | 4078 ||| INVOKING Heroism.
  4079 | D:6      | 4079 ||| INVOKING Heroism.
  4086 | D:6      | 4086 ||| INVOKING Heal Wounds.
  4226 | D:6      | 4226 ||| UPGRADING to +4 ring of evasion.
  4228 | D:6      | 4228 ||| READING 4 scrolls of identify.
  4228 | D:6      | 4228 ||| IDENTIFYING fuming amethyst potion
  4266 | D:7      | Noticed a boulder beetle
  4275 | D:7      | 4275 ||| INVOKING Heroism.
  4276 | D:7      | 4276 ||| INVOKING Heroism.
  4277 | D:7      | 4277 ||| INVOKING Heroism.
  4285 | D:7      | 4285 ||| INVOKING Heroism.
  4288 | D:7      | 4288 ||| INVOKING Heal Wounds.
  4294 | D:7      | Killed a boulder beetle
  4294 | D:7      | Reached ** piety under Okawaru
  4294 | D:7      | Reached *** piety under Okawaru
  4295 | D:7      | Gained mutation: You passively map the area around you.
                  | [Deep Dwarf growth]
  4295 | D:7      | Reached XP level 9. HP: 57/79 MP: 0/8
  4364 | D:7      | 4364 ||| INVOKING Heroism.
  4365 | D:7      | 4365 ||| INVOKING Heroism.
  4366 | D:7      | 4366 ||| INVOKING Heroism.
  4367 | D:7      | 4367 ||| INVOKING Heroism.
  4376 | D:7      | 4376 ||| INVOKING Heal Wounds.
  4384 | D:7      | 4384 ||| INVOKING Heal Wounds.
  4678 | D:7      | 4678 ||| INVOKING Heroism.
  4679 | D:7      | 4679 ||| INVOKING Heroism.
  4680 | D:7      | 4680 ||| INVOKING Heroism.
  4807 | D:7      | Noticed Menkaure
  4814 | D:7      | 4814 ||| INVOKING Heroism.
  4815 | D:7      | 4815 ||| INVOKING Heroism.
  4816 | D:7      | 4816 ||| INVOKING Heroism.
  4817 | D:7      | Killed Menkaure
  4818 | D:7      | Reached skill level 11 in Axes
  4879 | D:7      | Identified the +0 ring mail "Suts" {Int+2}
  4916 | D:7      | 4916 ||| INVOKING Heroism.
  4917 | D:7      | 4917 ||| INVOKING Heroism.
  4918 | D:7      | 4918 ||| INVOKING Heroism.
  5002 | D:7      | 5002 ||| INVOKING Heroism.
  5003 | D:7      | 5003 ||| INVOKING Heroism.
  5004 | D:7      | 5004 ||| INVOKING Heroism.
  5014 | D:7      | 5014 ||| INVOKING Heroism.
  5016 | D:7      | Reached skill level 3 in Dodging
  5016 | D:7      | 5016 ||| INVOKING Heal Wounds.
  5113 | D:7      | Noticed Pikel
  5136 | D:7      | 5136 ||| INVOKING Heroism.
  5137 | D:7      | 5137 ||| INVOKING Heroism.
  5138 | D:7      | 5138 ||| INVOKING Heroism.
  5141 | D:7      | Killed Pikel
  5355 | D:7      | 5355 ||| DROPPING +0 ring mail "Suts" {Int+2}.
  5356 | D:7      | 5356 ||| READING scroll labelled BESORCH ROFUOLL.
  5357 | D:7      | 5357 ||| INVOKING Heal Wounds.
  5358 | D:7      | 5358 ||| READING 3 scrolls of identify.
  5358 | D:7      | 5358 ||| IDENTIFYING bubbling inky potion
  5368 | D:8      | 5368 ||| INVOKING Heroism.
  5369 | D:8      | 5369 ||| INVOKING Heroism.
  5370 | D:8      | 5370 ||| INVOKING Heroism.
  5376 | D:8      | Reached XP level 10. HP: 61/91 MP: 1/8
  5379 | D:8      | 5379 ||| INVOKING Heal Wounds.
  5438 | D:8      | 5438 ||| INVOKING Heroism.
  5439 | D:8      | 5439 ||| INVOKING Heroism.
  5440 | D:8      | 5440 ||| INVOKING Heroism.
  5441 | D:8      | 5441 ||| INVOKING Heroism.
  5566 | D:8      | Noticed Psyche
  5571 | D:8      | 5571 ||| INVOKING Heroism.
  5572 | D:8      | 5572 ||| INVOKING Heroism.
  5573 | D:8      | 5573 ||| INVOKING Heroism.
  5574 | D:8      | 5574 ||| INVOKING Heroism.
  5580 | D:8      | Cast into level 1 of the Abyss (Psyche)
  5581 | Abyss:1  | 5581 ||| INVOKING Heal Wounds.
  5645 | Abyss:1  | 5645 ||| INVOKING Heroism.
  5646 | Abyss:1  | 5646 ||| INVOKING Heroism.
  5647 | Abyss:1  | 5647 ||| INVOKING Heroism.
  5648 | Abyss:1  | 5648 ||| INVOKING Heroism.
  5656 | Abyss:1  | 5656 ||| INVOKING Heal Wounds.
  5669 | Abyss:1  | 5669 ||| INVOKING Heroism.
  5671 | Abyss:1  | Reached skill level 12 in Axes
  5676 | Abyss:1  | 5676 ||| INVOKING Heal Wounds.
  5680 | Abyss:1  | 5680 ||| INVOKING Heal Wounds.
  5734 | Abyss:1  | Noticed an Executioner
  5748 | Abyss:1  | 5748 ||| INVOKING Heroism.
  5749 | Abyss:1  | 5749 ||| INVOKING Heroism.
  5750 | Abyss:1  | 5750 ||| INVOKING Heal Wounds.
  5751 | Abyss:1  | 5751 ||| INVOKING Heroism.
  5759 | Abyss:1  | Reached skill level 6 in Fighting
  5760 | Abyss:1  | 5760 ||| INVOKING Heroism.
  5761 | Abyss:1  | 5761 ||| INVOKING Heal Wounds.
  5765 | Abyss:1  | 5765 ||| INVOKING Heal Wounds.
  5766 | Abyss:1  | HP: 14/91 [large abomination[an Executioner] (24)]
  5767 | Abyss:1  | 5767 ||| INVOKING Heal Wounds.
  5767 | Abyss:1  | HP: 5/91 [large abomination[an Executioner] (15)]
  5767 | Abyss:1  | HP: 2/91 [raiju (3)]
  5767 | Abyss:1  | Slain by a raiju

Levels and vault maps discovered:
D:1:      onia_arrival_pyramid, layout_basic,
          hellmonk_ecumenical_altar_pennies_from_heaven, minivault_14
D:2:      layout_rooms, serial_shops, shop, shop_statue,
          nicolae_shop_statue_plus, minmay_circle_x
D:3:      minmay_chambers_of_threes, layout_loops_ring,
          ebering_ghost_rock_garden, guppyfry_early_orc_mine,
          uniq_crazy_yiuf_cottage
D:4:      layout_rooms, mainiacjoe_overflow_surrounded_room
D:5:      layout_cave_pools, temple_statues, kennysheep_another_room
D:6:      layout_rooms, hex_large, interstate_on_off, minmay_ruffians
D:7:      layout_cave_pods, uniq_pikel, uniq_menkaure
D:8:      layout_rooms, uniq_psyche
Temple:   kilobyte_greek_temple
Abyss:1:  base:
D:4

Skill      XL: |  1  2  3  4  5  6  7  8  9 10 |
---------------+-------------------------------+-----
Axes           | 3 5 7 8 9 10 11 12 | 12.2
Dodging        | 1 2 3 |  3.2
Shields        | 4 8 |  8.0
Fighting       | 3 4 5 6 |  6.0
Invocations    | 3 4 |  4.2
Armour         | 4 5 |  5.4

Action                   |  1- 3 |  4- 6 |  7- 9 | 10-12 || total
-------------------------+-------+-------+-------+-------++-------
Melee: War axe           |   151 |   107 |   266 |    56 ||   580
Invok: Heroism           |       |       |    33 |    17 ||    50
 Abil: Heal Wounds       |     1 |     7 |    10 |     9 ||    27
  Use: Scroll            |     6 |     2 |     7 |       ||    15
       Potion            |     2 |     1 |       |       ||     3
Armor: Scale mail        |    69 |    23 |       |       ||    92
       Chain mail        |       |    13 |   115 |    53 ||   181
Dodge: Dodged            |    50 |    28 |    84 |    92 ||   254
Block: Kite shield       |    68 |    55 |   142 |    85 ||   350

Table legend:
 A = Non-vault XP
 B = Vault XP
 C = Vault XP percentage of total XP
 D = Non-vault monster count
 E = Vault monster count
 F = Vault count percentage of total count
                 A         B        C        D         E       F
            +---------+---------+-------+---------+---------+-------
      Total |    6252 |    1505 |  19.4 |     142 |      29 |  17.0
            +---------+---------+-------+---------+---------+-------
        D:1 |      31 |       0 |   0.0 |      19 |       0 |   0.0
        D:2 |      46 |       9 |  16.4 |      19 |       5 |  20.8
        D:3 |     268 |     104 |  28.0 |      20 |      19 |  48.7
        D:4 |     340 |       0 |   0.0 |      16 |       0 |   0.0
        D:5 |     313 |       0 |   0.0 |       8 |       0 |   0.0
        D:6 |     885 |     588 |  39.9 |      23 |       3 |  11.5
        D:7 |    2010 |     804 |  28.6 |      17 |       2 |  10.5
        D:8 |     525 |       0 |   0.0 |      11 |       0 |   0.0
    Abyss:1 |    1834 |       0 |   0.0 |       9 |       0 |   0.0
            +---------+---------+-------+---------+---------+-------
